 Dungeon Crawl Stone Soup version 0.27-a0-1036-g8e1b44f6bd (webtiles) character file.

Game seed: 9269229687469770153

74 spiderkeys the Skirmisher (level 4, -1/61 HPs)
             Began as a Gnoll Abyssal Knight on Apr 18, 2021.
             Was a Follower of Lugonu.
             Slain by Sigmund
             ... wielding a +0 scythe
              (2 damage)
             ... on level 3 of the Dungeon.
             The game lasted 00:05:04 (1979 turns).

spiderkeys the Skirmisher (Gnoll Abyssal Knight)    Turns: 1979, Time: 00:05:05

Health: -1/61      AC: 22    Str: 12    XL:     4   Next: 28%
Magic:  2/2        EV:  2    Int: 12    God:    Lugonu [*.....]
Gold:   82         SH:  0    Dex: 11    Spells: 4/5 levels left

rFire    . . .     SeeInvis .   g - +3 broad axe (antimagic)
rCold    . . .     Faith    .   (no shield)
rNeg     + + +     Spirit   .   (armour currently unavailable)
rPois    +         Reflect  .   (helmet currently unavailable)
rElec    .         Harm     .   (cloak currently unavailable)
rCorr    .         Rampage  .   (gloves currently unavailable)
Will     .....     NoTele   +   (boots currently unavailable)
Stlth    +.........             (no amulet)
HPRegen  0.20/turn              (no ring)
MPRegen  0.08/turn              (no ring)

@: brilliant, tree-form (expiring)
A: stationary, stasis, torment immunity, boosted hp, (fangs 1), strong nose,
distributed training
a: Renounce Religion, Depart the Abyss


You were on level 3 of the Dungeon.
You worshipped Lugonu.
Lugonu was aware of your devotion.
You were a tree.
You visited 1 branch of the dungeon, and saw 3 of its levels.
You visited the Abyss 1 time.

You collected 82 gold pieces.


Innate Abilities, Weirdness & Mutations

You are a tree.
Your roots penetrate the ground, keeping you stationary.
You cannot be teleported.
You are immune to unholy pain and torment.
Your maximum health is greatly increased.
Your equipment is partially melded.
((You have very sharp teeth.))
Your uncanny sense of smell can sniff out nearby items.
Your experience applies equally to all skills.


   Skills:
 + Level 6.6 Fighting
 + Level 1.1 Short Blades
 + Level 1.1 Long Blades
 + Level 1.1 Axes
 + Level 1.1 Maces & Flails
 + Level 4.6 Polearms
 + Level 1.1 Staves
 + Level 1.1 Slings
 + Level 1.1 Bows
 + Level 1.1 Crossbows
 + Level 1.1 Throwing
 + Level 4.6 Armour
 + Level 2.7 Dodging
 + Level 1.1 Stealth
 + Level 1.1 Shields
 + Level 1.1 Unarmed Combat
 + Level 1.1 Spellcasting
 + Level 0.8 Conjurations
 + Level 0.8 Hexes
 + Level 0.8 Summonings
 + Level 0.8 Necromancy
 + Level 0.8 Translocations
 + Level 0.8 Transmutations
 + Level 0.8 Fire Magic
 + Level 0.8 Ice Magic
 + Level 0.8 Air Magic
 + Level 0.8 Earth Magic
 + Level 0.8 Poison Magic
 + Level 4.7 Invocations
 + Level 1.1 Evocations


You had 4 spell levels left.
You knew the following spells:

 Your Spells              Type           Power      Damage    Failure   Level
a - Animate Skeleton      Necr           8%         N/A       22%         1

Your spell library contained the following spells:

 Spells                   Type           Power      Damage    Failure   Level
 Pain                     Necr           16%        1d4       22%         1
 Vampiric Draining        Necr           2%         2d6       54%         3
 Animate Dead             Necr           2%         N/A       91%         4
 Agony                    Necr           4%         N/A       99%         5

Inventory:

Hand Weapons
 a - a +1 spear of venom
 g - a +3 antimagic broad axe (weapon)
   (You found it on level 2 of the Abyss)
 m - a +1 vampiric battleaxe
   (You acquired it on level 2 of the Dungeon)
Missiles
 c - 20 sling bullets
 j - 18 arrows
 l - 9 stones
Armour
 b - a +0 leather armour
 d - a +0 pair of gloves (melded)
   (You found it on level 1 of the Abyss)
 e - a scarf of repulsion (melded)
   (You found it on level 1 of the Abyss)
 i - a +1 plate armour of fire resistance (melded)
   (You found it on level 3 of the Abyss)

Dungeon Overview and Level Annotations

Branches:
Dungeon (3/15)

Altars:

Annotations:
D:3 Sigmund

#. #. #..
###..####
........#######
#.........<..
#...{......#
#♣# #######.#
#.......#
#.####### #.#
#.# #.# #.# #.#


There were no monsters in sight!


Message History

The magic dart hits you. 😮 HP[-4]
You take 4 damage, and now have 27/41 hp.
You are too injured to fight recklessly!
You are too injured to fight recklessly!
Your plate armour prevents you from hitting something.
Something hits you!
* * * LOW HITPOINT WARNING * * *
😨 HP[-7]
You take 7 damage, and now have 20/41 hp.
You miss something.
Something hits you but does no damage. x2
You hit something but do no damage.
Something hits you but does no damage. x2 😮 HP[+1]
You closely miss something. Something hits you but does no damage.
You barely miss something. Something hits you.
* * * LOW HITPOINT WARNING * * *
Something hits you but does no damage. 😨 HP[-1]
You take 1 damage, and now have 20/41 hp.
You barely miss something. Something hits you but does no damage.
You miss something. Something hits you.
* * * LOW HITPOINT WARNING * * *
You hear some strange, mumbled words.
A magic dart appears from out of thin air!
The magic dart hits you!
* * * LOW HITPOINT WARNING * * *
😨 HP[-9]
You take 9 damage, and now have 11/41 hp.
MASSIVE DAMAGE!! (PAUSE)
You closely miss something. Something completely misses you.
You hear some strange, mumbled words.
You are confused. 😨 HP[+1]
You feel the dreadful sensation subside.
You feel magic leave you.
g - a +3 antimagic broad axe (weapon)
😨 MP[-5]
Okay, then.
It was a potion of flight.
You feel very buoyant.
You fly up into the air.
Something hits you but does no damage.
It was a potion of lignification.
You turn into a tree.
Your scarf of repulsion melds into your body.
Your +0 pair of gloves melds into your body.
Your +1 plate armour of fire resistance melds into your body.
The haze of the repulsion field disappears.
You feel less resistant to fire.
Your roots penetrate the ground.
You hear some strange, mumbled words.
Something tries to affect you, but you resist. 😨 HP[+6]
You now have 61 max hp (+20).
You regained 6 hp, and now have 18/61 hp.
It was a potion of brilliance.
You feel clever all of a sudden. Something hits you.
* * * LOW HITPOINT WARNING * * *
😱 HP[-6]
You take 6 damage, and now have 12/61 hp.
You cannot move. (Use ctrl+direction or * direction to attack without moving.)
You cannot move. (Use ctrl+direction or * direction to attack without moving.)
You cannot move. (Use ctrl+direction or * direction to attack without moving.)
You cannot move. (Use ctrl+direction or * direction to attack without moving.)
You cannot move. (Use ctrl+direction or * direction to attack without moving.)
You cannot move. (Use ctrl+direction or * direction to attack without moving.) Unknown command.
You nearly hit yourself!
Something hits you but does no damage. 😱 HP[+1] There's something in the way.
You hit something.
Something hits you but does no damage. x2
You closely miss something.
You feel less confused. Something hits you.
* * * LOW HITPOINT WARNING * * *
😱 HP[-2]
You take 2 damage, and now have 11/61 hp.
You barely miss something.
You hear some strange, mumbled words.
A magic dart appears from out of thin air!
The magic dart hits you!
* * * LOW HITPOINT WARNING * * *
Something hits you but does no damage. 😱 HP[-7]
You take 7 damage, and now have 4/61 hp.
You miss something.
You hear some strange, mumbled words.
A puff of flame appears from out of thin air!
The puff of flame hits you.
* * * LOW HITPOINT WARNING * * *
😱 HP[-3]
You take 3 damage, and now have 1/61 hp.
You aren't carrying any potions.
You aren't carrying any scrolls.
Unknown command.
You closely miss something.
Your transformation is almost over.
You hear some strange, mumbled words.
A magic dart appears from out of thin air!
The magic dart hits you but does no damage.
Something hits you.
You die...

Skill      XL: |  1  2  3 |
---------------+----------+-----
Short Blades   | 1 |  1.1
Long Blades    | 1 |  1.1
Axes           | 1 |  1.1
Maces & Flails | 1 |  1.1
Staves         | 1 |  1.1
Slings         | 1 |  1.1
Bows           | 1 |  1.1
Crossbows      | 1 |  1.1
Throwing       | 1 |  1.1
Stealth        | 1 |  1.1
Shields        | 1 |  1.1
Unarmed Combat | 1 |  1.1
Spellcasting   | 1 |  1.1
Evocations     | 1 |  1.1
Fighting       | |  6.6
Polearms       | |  4.6
Armour         | |  4.6
Dodging        | |  2.7
Conjurations   | |  0.8
Hexes          | |  0.8
Summonings     | |  0.8
Necromancy     | |  0.8
Translocations | |  0.8
Transmutations | |  0.8
Fire Magic     | |  0.8
Ice Magic      | |  0.8
Air Magic      | |  0.8
Earth Magic    | |  0.8
Poison Magic   | |  0.8
Invocations    | |  4.7

Action                   |  1- 3 |  4- 6 || total
-------------------------+-------+-------++-------
Melee: Broad axe         |    74 |    10 ||    84
       Bite              |     2 |     1 ||     3
       Battleaxe         |       |    40 ||    40
Invok: Depart the Abyss  |     1 |       ||     1
  Use: Scroll            |     5 |     2 ||     7
       Potion            |       |     3 ||     3
Armor: Plate armour      |    73 |    48 ||   121
       Skin              |       |     5 ||     5
Dodge: Dodged            |    15 |     3 ||    18
       Repelled          |     2 |       ||     2

Levels and vault maps discovered:
D:1:      grunt_arrival_crossed_arrows, layout_rooms
D:2:      layout_loops_ring
D:3:      layout_loops_ring, hex_medium, uniq_sigmund, uniq_crazy_yiuf_cottage

Notes
Turn   | Place    | Note
-------+----------+-------------------------------------------
     0 | Abyss:1  | spiderkeys the Gnoll Abyssal Knight began the quest for the
                  | Orb.
     0 | Abyss:1  | Reached XP level 1. HP: 23/23 MP: 3/3
     0 | Abyss:1  | magus.rc [v1.9.10]
    90 | Abyss:1  | Found a corrupted altar of Lugonu.
   260 | Abyss:2  | Found a corrupted altar of Lugonu.
   332 | Abyss:3  | Noticed a wretched star
   339 | D:1      | You pass through the gate.
   339 | D:1      | Escaped the Abyss
   383 | D:1      | Reached * piety under Lugonu
   409 | D:1      | Reached XP level 2. HP: 24/29 MP: 1/5
   691 | D:1      | Reached XP level 3. HP: 33/35 MP: 2/6
  1043 | D:2      | Reached skill level 1 in Short Blades
  1043 | D:2      | Reached skill level 1 in Long Blades
  1043 | D:2      | Reached skill level 1 in Axes
  1043 | D:2      | Reached skill level 1 in Maces & Flails
  1043 | D:2      | Reached skill level 1 in Staves
  1043 | D:2      | Reached skill level 1 in Slings
  1043 | D:2      | Reached skill level 1 in Bows
  1043 | D:2      | Reached skill level 1 in Crossbows
  1043 | D:2      | Reached skill level 1 in Throwing
  1043 | D:2      | Reached skill level 1 in Stealth
  1043 | D:2      | Reached skill level 1 in Shields
  1043 | D:2      | Reached skill level 1 in Unarmed Combat
  1043 | D:2      | Reached skill level 1 in Spellcasting
  1043 | D:2      | Reached skill level 1 in Evocations
  1301 | D:2      | Reached XP level 4. HP: 41/41 MP: 2/7
  1324 | D:2      | You pick up a book of Necromancy and begin reading...
  1324 | D:2      | You add the spells Pain, Animate Skeleton, Vampiric
                  | Draining, Animate Dead and Agony to your library.
  1327 | D:2      | Learned a level 1 spell: Animate Skeleton
  1408 | D:2      | Identified a scroll of acquirement
  1408 | D:2      | Acquired a +1 vampiric battleaxe
  1958 | D:3      | Noticed Sigmund
  1973 | D:3      | HP: 12/61 [something (6)]
  1977 | D:3      | HP: 4/61 [something/magic dart (7)]
  1978 | D:3      | HP: 1/61 [something/puff of flame (4)]
  1979 | D:3      | Slain by Sigmund

Vanquished Creatures
  2 adders (D:2)
  A worm (D:2)
  2 dart slugs
  2 orcs
  2 endoplasms
  4 giant cockroaches
  5 goblins
  A hobgoblin (D:1)
  5 quokkas
  4 ball pythons (D:1)
  6 bats
  2 frilled lizards
  2 kobolds (D:1)
  8 rats
46 creatures vanquished.

Table legend:
 A = Non-vault XP
 B = Vault XP
 C = Vault XP percentage of total XP
 D = Non-vault monster count
 E = Vault monster count
 F = Vault count percentage of total count
                 A         B        C        D         E       F
            +---------+---------+-------+---------+---------+-------
      Total |     106 |       0 |   0.0 |      46 |       0 |   0.0
            +---------+---------+-------+---------+---------+-------
        D:1 |      46 |       0 |   0.0 |      28 |       0 |   0.0
        D:2 |      53 |       0 |   0.0 |      15 |       0 |   0.0
        D:3 |       7 |       0 |   0.0 |       3 |       0 |   0.0
            +---------+---------+-------+---------+---------+-------

Illustrated notes

Table legend:
 A = Kills in this place as a percentage of kills in entire the game.
 B = Kills by you in this place as a percentage of kills by you in the entire game.
 C = Kills by friends in this place as a percentage of kills by friends in the entire game.
 D = Other kills in this place as a percentage of other kills in the entire game.
 E = Experience gained in this place as a percentage of experience gained in the entire game.
 F = Experience gained in this place divided by the number of levels of this place that you have seen.
                   A       B       C       D       E      F
               +-------+-------+-------+-------+-------+----------------------
         Total | 100.0 | 100.0 |   N/A |   N/A | 100.0 |  17.7
       Dungeon | 100.0 | 100.0 |   N/A |   N/A | 100.0 |  35.3
               +-------+-------+-------+-------+-------+----------------------

Table legend: (Time is in decaauts)
 A = Elapsed time spent in this place.
 B = Non-inter-level travel time spent in this place.
 C = Inter-level travel time spent in this place.
 D = Time resting spent in this place.
 E = Time spent auto-exploring this place.
 F = Levels seen in this place.
 G = Mean time per level.
                   A        B        C        D        E       F      G
               +--------+--------+--------+--------+--------+-----+--------+
         Total |   2049 |   1973 |     76 |      0 |   1356 |   6 |  341.5 |
       Dungeon |   1711 |   1635 |     76 |      0 |   1300 |   3 |  570.3 |
         Abyss |    338 |    338 |      0 |      0 |     56 |   3 |  112.7 |
               +--------+--------+--------+--------+--------+-----+--------+

Top non-repeatable levels by time:
     D:2: 955 daAuts
     D:1: 608 daAuts
 Abyss:1: 260 daAuts
     D:3: 146 daAuts
 Abyss:3: 39 daAuts
 Abyss:2: 38 daAuts
